 Dungeon Crawl Stone Soup version 0.18-b1-10-g3f7de93 (webtiles) character file.

11094 Northaan the Destroyer (level 11, -3/88 HPs)
             Began as a Grey Draconian Wizard on Apr 29, 2016.
             Was a High Priest of Qazlal.
             Killed by the air
             ... invoked by Gastronok
              (35 damage)
             ... on level 1 of the Lair of Beasts.
             The game lasted 00:43:54 (16805 turns).

Northaan the Destroyer (Grey Draconian Wizard)     Turns: 16805, Time: 00:43:55

Health: -3/88      AC: 17    Str: 10    XL:     11   Next: 44%
Magic:  5/23       EV: 13    Int: 24    God:    Qazlal [*****.]
Gold:   712        SH:  6    Dex: 10    Spells: 7 memorised, 6 levels left

rFire  . . .     SeeInvis .     i - staff of wizardry
rCold  . . .     Gourm    .     (armour unavailable)
rNeg   + + .     Faith    .     (no shield)
rPois  +         Spirit   .     H - +2 hat
rElec  .         Dismiss  .     k - +0 cloak
rCorr  .         Reflect  .     x - +1 pair of gloves
SustAt .         Harm     .     (no boots)
MR     +....                    (no amulet)
Stlth  +.........               T - ring "Jomeacis" {rPois rN++ MR+}
                                z - +3 ring of intelligence

@: very slightly contaminated, repel missiles, somewhat resistant to hostile
enchantments, very unstealthy
A: walk through water, unfitting armour, unbreathing, cold-blooded, AC +12
a: Upheaval, Elemental Force, Disaster Area, Renounce Religion


You were on level 1 of the Lair of Beasts.
You worshipped Qazlal.
Qazlal was extremely pleased with you.
You were hungry.

You visited 3 branches of the dungeon, and saw 12 of its levels.
You also visited: Sewer.

You collected 712 gold pieces.

Inventory:

Hand Weapons
 t - a +1 dagger of venom
Armour
 k - a +0 cloak (worn)
 x - a +1 pair of gloves (worn)
 H - a +2 hat (worn)
 I - a +0 shield
 Z - a +0 buckler
Magical Staves
 i - an uncursed staff of wizardry (weapon)
Jewellery
 y - an uncursed ring of see invisible
 z - a +3 ring of intelligence (left hand)
 C - a +2 ring of intelligence
 T - the ring "Jomeacis" (right hand) {rPois rN++ MR+}
   (You found it on level 1 of the Lair of Beasts)

   [ring of protection from magic]

   It protects you from poison.
   It greatly protects you from negative energy.
   It affects your resistance to hostile enchantments.
Wands
 a - a wand of slowing (33/48)
 s - a wand of iceblast (7/15)
 J - a wand of random effects (16/48)
 M - a wand of slowing (39/48)
 O - a wand of iceblast (3/15)
 R - a wand of enslavement (9/24)
 V - a wand of flame (27/48)
 Y - a wand of paralysis (9/24)
Scrolls
 e - 3 scrolls of teleportation {unknown}
 g - 9 scrolls of remove curse {unknown}
 j - 7 scrolls of identify
 l - 5 scrolls of random uselessness {unknown}
 p - 3 scrolls of amnesia {unknown}
 u - 4 scrolls of fear {unknown}
 B - 2 scrolls of enchant weapon {unknown}
 D - 4 scrolls of fog {unknown}
 G - 2 scrolls of recharging {unknown}
 K - a scroll of summoning {unknown}
 L - 2 scrolls of magic mapping {unknown}
Potions
 h - 2 potions of mutation {unknown}
 m - 2 potions of heal wounds {unknown}
 n - a potion of haste {unknown}
 q - 4 potions of flight {unknown}
 v - 2 potions of agility
 w - 6 potions of curing {unknown}
 A - 2 potions of brilliance {unknown}
 E - 3 potions of lignification {unknown}
 F - 2 potions of cancellation {unknown}
 N - 2 potions of degeneration {unknown}
 P - a potion of ambrosia {unknown}
 S - a potion of might {unknown}
 U - a potion of berserk rage {unknown}
Books
 b - a book of Minor Magic

   Spells                             Type                      Level
   a - Magic Dart                     Conjuration                  1
   b - Blink                          Translocation                2
   c - Call Imp                       Summoning                    2
   d - Repel Missiles                 Charms/Air                   2
   e - Slow                           Hexes                        2
   f - Conjure Flame                  Conjuration/Fire             3
   g - Mephitic Cloud                 Conjuration/Poison/Air       3
 d - a book of Callings

   Spells                             Type                      Level
   a - Summon Small Mammal            Summoning                    1
   b - Call Imp                       Summoning                    2
   c - Call Canine Familiar           Summoning                    3
   d - Summon Guardian Golem          Hexes/Summoning              3
   e - Summon Lightning Spire         Summoning/Air                4
   f - Summon Ice Beast               Ice/Summoning                4
 Q - a book of Death

   Spells                             Type                      Level
   a - Corpse Rot                     Necromancy                   2
   b - Sublimation of Blood           Necromancy                   2
   c - Agony                          Necromancy                   5
   d - Dispel Undead                  Necromancy                   5
   e - Excruciating Wounds            Charms/Necromancy            5
   f - Bolt of Draining               Conjuration/Necromancy       5
 W - a book of Power

   Spells                             Type                      Level
   a - Fulminant Prism                Conjuration/Hexes            4
   b - Iskenderun's Mystic Blast      Conjuration                  4
   c - Venom Bolt                     Conjuration/Poison           5
   d - Bolt of Magma                  Conjuration/Fire/Earth       5
   e - Iron Shot                      Conjuration/Earth            6
   f - Orb of Destruction             Conjuration                  7
   g - Spellforged Servitor           Conjuration/Summoning        7
Comestibles
 c - 6 bread rations
 f - 3 beef jerkies
 o - 11 fruits
 r - 6 meat rations


   Skills:
 + Level 5.2 Fighting
 - Level 4.7 Short Blades
 + Level 1.8 Staves
 + Level 5.1 Dodging
 - Level 1.7 Stealth
 - Level 2.6 Shields
 * Level 8.0 Spellcasting
 + Level 8.2 Conjurations
 + Level 1.9 Summonings
 - Level 1.0 Translocations
 * Level 6.7 Fire Magic
 - Level 0.4 Air Magic
 * Level 3.4 Earth Magic
 + Level 5.9 Invocations
 - Level 4.2 Evocations


You had 6 spell levels left.
You knew the following spells:

 Your Spells              Type           Power        Failure   Level  Hunger
a - Magic Dart            Conj           ####         1%          1    None
b - Conjure Flame         Conj/Fire      #####...     1%          3    None
c - Repel Missiles        Chrm/Air       ##....       4%          2    None
d - Blink                 Tloc           N/A          3%          2    None
e - Mephitic Cloud        Conj/Pois/Air  ###.....     4%          3    None
f - Bolt of Magma         Conj/Fire/Erth #####.....   7%          5    #####..
g - Summon Ice Beast      Ice/Summ       ##......     26%         4    ##.....


Dungeon Overview and Level Annotations

Branches:
Dungeon (10/15)            Temple (1/1) D:4            Lair (1/8) D:8
    Orc: D:9-12

Altars:
Ashenzari
Cheibriados
Dithmenos
Elyvilon
Fedhas
Gozag
Kikubaaqudgha
Makhleb
Nemelex Xobeh
Okawaru
Pakellas
Qazlal
Ru
Sif Muna
Trog
Vehumet
Xom
Yredelemnul
Zin
The Shining One

Annotations:
Lair:1 Gastronok


Innate Abilities, Weirdness & Mutations

You can walk through water.
Your dull iron-grey scales are very hard (AC +12).
Your body does not fit into most forms of armour.
You can survive without breathing.
You are cold-blooded and may be slowed by cold attacks.


Message History

Gastronok is heavily wounded.
You hit Gastronok.
Gastronok is heavily wounded.
You block Gastronok's attack.
You hit Gastronok but do no damage.
Gastronok is heavily wounded.
You hit Gastronok but do no damage.
Gastronok is heavily wounded.
Gastronok is engulfed in freezing vapours.
Gastronok waves his eye-stalks in wide circles.
The air twists around and strikes you!
You hit Gastronok but do no damage. You tail-slap Gastronok.
Gastronok is heavily wounded.
You hit Gastronok but do no damage.
You tail-slap Gastronok, but do no damage.
Gastronok is heavily wounded.
Gastronok is engulfed in freezing vapours.
Gastronok waves his eye-stalks in wide circles.
The air twists around and strikes you!
You die...

#P..# ##...# #... #..#
#.."# ##...
#..#####..######....
##.........#.........
#...##.#w............
##...###.............
#...# #...........#.
#..w####..#P...#..#.
###.@#.##.#.......#..
#...§.............##.
##.§.§§............##.
#..................#..
##.................#..
##..#.##..#..........
#...###..#..........
#...# #..#.......P..
#.#...###...#.........


You could see Gastronok.

Vanquished Creatures
  Harold (Lair:1)
  2 hill giants (D:10)
  Pikel (D:6)
  A black mamba (D:8)
  A spiny frog (Lair:1)
  A komodo dragon (Lair:1)
  3 polar bears (Lair:1)
  2 two-headed ogres
  2 wyverns (D:8)
  Sigmund (D:4)
  3 hippogriffs
  A hungry ghost (D:9)
  A water moccasin (Lair:1)
  3 porcupines
  3 orc warriors
  A slave (D:6)
  3 ice beasts
  2 phantoms
  7 black bears
  2 wasps
  3 sky beasts
  4 crocodiles (Lair:1)
  7 ogres
  2 centaurs
  A big kobold (D:7)
  3 giant frogs
  A water moccasin skeleton (D:9)
  3 scorpions
  4 killer bees (D:9)
  2 howler monkeys
  6 crimson imps
  A centaur zombie (D:8)
  2 giant frog skeletons
  8 hounds
  A quasit (D:9)
  7 orc priests
  3 centaur skeletons
  2 giant frog zombies
  2 gnoll shamans (D:6)
  6 iguanas
  9 orc wizards
  4 worker ants
  5 sheep
  A hound zombie (D:9)
  5 hound skeletons
  3 worker ant zombies
  10 gnolls
  A howler monkey skeleton (D:4)
  12 adders
  11 river rats
  3 shadow imps
  3 oozes (Sewer)
  An adder skeleton (D:5)
  9 worms
  2 dart slugs
  8 giant geckos
  40 orcs
  6 giant cockroaches
  14 goblins
  8 hobgoblins
  10 jackals
  32 kobolds
  2 quokkas
  3 ball pythons
  14 bats
  A giant cockroach zombie (D:5)
  2 giant gecko skeletons (D:5)
  2 giant gecko zombies (D:8)
  11 giant newts
  2 jackal skeletons (D:5)
  A quokka skeleton (D:5)
  7 rats
  A butterfly (Lair:1)
  35 fungi
  22 plants
409 creatures vanquished.

Vanquished Creatures (collateral kills)
  A polar bear (D:8)
1 creature vanquished.

Vanquished Creatures (others)
  2 slaves (D:7)
  A giant frog (D:7)
  An orc (D:7)
  2 fungi (D:8)
  2 plants
8 creatures vanquished.

Grand Total: 418 creatures vanquished

Notes
Turn   | Place    | Note
--------------------------------------------------------------
     0 | D:1      | Northaan the Draconian Wizard began the quest for the Orb.
     0 | D:1      | Reached XP level 1. HP: 14/14 MP: 4/4
   595 | D:1      | Reached XP level 2. HP: 20/20 MP: 0/6
  1346 | D:1      | Reached XP level 3. HP: 25/26 MP: 2/7
  1895 | D:1      | Learned a level 3 spell: Conjure Flame
  2070 | D:1      | Learned a level 2 spell: Repel Missiles
  2073 | D:1      | Learned a level 2 spell: Blink
  2875 | D:3      | Reached XP level 4. HP: 31/33 MP: 9/9
  3882 | D:3      | Reached XP level 5. HP: 9/38 MP: 7/10
  4575 | D:4      | Reached skill level 5 in Conjurations
  4589 | D:3      | Reached XP level 6. HP: 35/45 MP: 9/12
  4981 | D:4      | Learned a level 3 spell: Mephitic Cloud
  4989 | D:4      | Noticed Sigmund
  5010 | D:4      | Killed Sigmund
  5063 | D:4      | Found a staircase to the Ecumenical Temple.
  5076 | Temple   | Entered the Ecumenical Temple
  5396 | Temple   | Became a worshipper of Qazlal Stormbringer
  5544 | D:4      | Noticed a sky beast
  5611 | D:4      | Killed a sky beast
  5611 | D:4      | Your scales start taking on a dull iron-grey colour.
  5611 | D:4      | Reached XP level 7. HP: 50/50 MP: 7/13
  5611 | D:4      | Gained mutation: You can survive without breathing. [Grey Draconian growth]
  5844 | D:5      | Entered Level 5 of the Dungeon
  5886 | D:5      | Found a radiant altar of Vehumet.
  6118 | D:5      | Reached skill level 1 in Fighting
  6118 | D:5      | Reached skill level 1 in Short Blades
  6118 | D:5      | Reached skill level 1 in Fire Magic
  6118 | D:5      | Reached skill level 1 in Invocations
  6573 | D:5      | Reached * piety under Qazlal
  6620 | D:5      | Reached skill level 5 in Spellcasting
  6774 | D:5      | Reached skill level 1 in Evocations
  6909 | D:5      | Reached XP level 8. HP: 17/59 MP: 6/15
  7647 | D:6      | Found a glowing drain.
  7658 | Sewer    | Entered a sewer
  8140 | Sewer    | Reached ** piety under Qazlal
  9012 | D:6      | Found an opulent altar of Gozag.
  9552 | D:7      | Reached *** piety under Qazlal
  9556 | D:7      | Reached XP level 9. HP: 59/68 MP: 17/17
  9637 | D:7      | Noticed Pikel
  9655 | D:6      | Killed Pikel
 10301 | D:7      | Reached **** piety under Qazlal
 10733 | D:8      | Found a staircase to the Lair.
 10804 | D:8      | Reached skill level 5 in Fire Magic
 11228 | D:8      | Found a blossoming altar of Fedhas.
 11233 | D:8      | Found a shadowy altar of Dithmenos.
 11284 | D:8      | Reached XP level 10. HP: 67/78 MP: 20/20
 11318 | D:8      | Found an iron altar of Okawaru.
 12076 | D:9      | Reached skill level 1 in Shields
 12310 | D:9      | Found a shattered altar of Ashenzari.
 12450 | D:9      | Found a sacrificial altar of Ru.
 12941 | D:10     | Entered Level 10 of the Dungeon
 13027 | D:10     | Noticed a hill giant
 13051 | D:10     | Killed a hill giant
 13059 | D:10     | Reached ***** piety under Qazlal
 13102 | D:10     | Learned a level 5 spell: Bolt of Magma
 13111 | D:10     | Noticed a hill giant
 13129 | D:10     | Killed a hill giant
 13129 | D:10     | Reached skill level 1 in Earth Magic
 13539 | D:10     | Reached skill level 5 in Invocations
 14179 | Lair:1   | Entered Level 1 of the Lair of Beasts
 14191 | Lair:1   | Noticed a black mamba
 14359 | D:8      | Killed a black mamba
 14562 | Lair:1   | Reached XP level 11. HP: 84/85 MP: 10/22
 14863 | Lair:1   | Reached skill level 5 in Fighting
 14863 | Lair:1   | Reached skill level 1 in Staves
 15122 | Lair:1   | Learned a level 4 spell: Summon Ice Beast
 15604 | Lair:1   | Reached skill level 5 in Dodging
 15807 | Lair:1   | Noticed Harold
 15874 | Lair:1   | Killed Harold
 16143 | Lair:1   | Noticed Gastronok
 16654 | Lair:1   | Got a bound brass ring
 16785 | Lair:1   | Identified the ring "Jomeacis" {rPois rN++ MR+} (You found it on level 1 of the Lair of Beasts)
 16805 | Lair:1   | Killed from afar by Gastronok

Skill      XL: |  1  2  3  4  5  6  7  8  9 10 11 |
---------------+----------------------------------+-----
Conjurations   | 2 3 4 5 6 7 8 |  8.2
Spellcasting   | 4 5 6 7 8 |  8.0
Dodging        | 2 3 4 5 |  5.1
Fighting       | 1 2 4 5 |  5.2
Short Blades   | 2 3 4 |  4.7
Fire Magic     | 1 3 5 6 |  6.7
Invocations    | 1 3 4 5 |  5.9
Evocations     | 1 3 4 |  4.2
Shields        | 2 |  2.6
Earth Magic    | 2 3 |  3.4
Staves         | 1 |  1.8
Stealth        | |  1.7
Summonings     | |  1.9
Translocations | |  1.0
Air Magic      | |  0.4

Action                   |  1- 3 |  4- 6 |  7- 9 | 10-12 || total
-------------------------+-------+-------+-------+-------++-------
Melee: Whip              |   148 |       |       |       ||   148
       Unarmed           |    10 |       |       |       ||    10
       Tailslap          |    13 |    11 |    66 |    52 ||   142
       Dagger            |    37 |   193 |   698 |   277 ||  1205
       Staff             |       |       |       |   230 ||   230
 Cast: Magic Dart        |    50 |    22 |    38 |    82 ||   192
       Conjure Flame     |     1 |     2 |     5 |     2 ||    10
       Mephitic Cloud    |       |     2 |    23 |    36 ||    61
       Blink             |       |     1 |     1 |     1 ||     3
       Repel Missiles    |       |     1 |       |     1 ||     2
       Bolt of Magma     |       |       |       |    24 ||    24
       Summon Ice Beast  |       |       |       |     3 ||     3
Evoke: Wand              |       |       |       |     2 ||     2
  Use: Scroll            |       |     2 |     2 |    11 ||    15
 Stab: Sleeping          |     1 |       |       |       ||     1
       Confused          |       |       |     7 |    12 ||    19
  Eat: Chunk             |     6 |     9 |    20 |    14 ||    49
       Fruit             |       |       |       |     9 ||     9
       Pizza             |       |       |       |     2 ||     2
Armor: Skin              |    65 |    44 |   213 |   196 ||   518
Dodge: Dodged            |   168 |   132 |   351 |   254 ||   905
       Deflected         |       |       |     7 |     2 ||     9
Block: Other             |       |       |    70 |   105 ||   175
       Shield            |       |       |       |   108 ||   108
